 Dungeon Crawl Stone Soup version 0.26.0-3-g156281e41b (webtiles) character file.

Game seed: 16253033631670035088

243 uberrath the Slasher (level 5, -12/45 HPs)
             Began as a Minotaur Fighter on Jan 10, 2021.
             Mangled by an ogre
             ... wielding a +0 giant club
              (14 damage)
             ... on level 4 of the Dungeon.
             The game lasted 00:09:09 (3306 turns).

uberrath the Slasher (Minotaur Fighter)             Turns: 3306, Time: 00:09:09

Health: -12/45     AC: 14    Str: 21    XL:     5   Next: 82%
Magic:  4/4        EV:  3    Int:  5    God:
Gold:   99         SH: 10    Dex: 10    Spells: 4/4 levels left

rFire    + . .     SeeInvis .   n - +0 falchion
rCold    . . .     Faith    .   c - +1 kite shield
rNeg     . . .     Spirit   .   i - +2 plate armour {rF+}
rPois    .         Reflect  .   (helmet restricted)
rElec    .         Harm     .   (no cloak)
rCorr    .         Rampage  .   (no gloves)
Will     .....                  a - +0 pair of boots
Stlth    ..........             (no amulet)
HPRegen  0.15/turn              (no ring)
MPRegen  0.09/turn              (no ring)

@: mighty, hasted, very quick
A: retaliatory headbutt, horns 2
a: no special abilities


You were on level 4 of the Dungeon.
You visited 1 branch of the dungeon, and saw 4 of its levels.

You collected 99 gold pieces.

Inventory:

Hand Weapons
 l - a +0 vorpal flail
 n - a +0 falchion (weapon)
Armour
 a - a +0 pair of boots (worn)
 c - a +1 kite shield (worn)
 i - a +2 plate armour of fire resistance (worn)
Scrolls
 f - 3 scrolls of identify
Potions
 d - a potion of might
 e - a potion of flight
 g - a potion of attraction {unknown}
 h - a potion of mutation {unknown}
 j - a potion of haste
 k - a potion of lignification {unknown}


   Skills:
 - Level 3.6 Fighting
 + Level 7.5 Long Blades
 - Level 3.6 Armour
 - Level 3.6 Shields


You had 4 spell levels left.
You didn't know any spells.
Your spell library contained the following spells:

 Spells                   Type           Power        Failure   Level
 Magic Dart               Conj           0%           100%        1


Dungeon Overview and Level Annotations

Branches:
Dungeon (4/15)
 Temple: D:4-7

Altars:
Kikubaaqudgha
Nemelex Xobeh
Sif Muna
Vehumet
Wu Jian


Innate Abilities, Weirdness & Mutations

You reflexively headbutt those who attack you in melee.
You have a pair of horns on your head.


Message History

The ogre is heavily wounded.
You block the bullfrog skeleton's attack.
You hit the ogre.
The ogre is heavily wounded.
The ogre hits you with a +0 giant club!
You block the bullfrog skeleton's attack.
You hit the ogre.
The ogre is severely wounded.
You hit the ogre.
The ogre is severely wounded.
The bullfrog skeleton hits you. The ogre hits you with a +0 giant club!
* * * LOW HITPOINT WARNING * * *
You hit the ogre but do no damage.
The ogre is severely wounded.
The bullfrog skeleton hits you.
* * * LOW HITPOINT WARNING * * *
You feel very mighty all of a sudden.
You block the bullfrog skeleton's attack.
The ogre hits you with a +0 giant club!
You die...

# # ########## #
.........# # .........#
# .........#### #
............#### #
......Z@O..§§§.#########
...######..§§§§§§.......
#.≈§≈≈P.........
#≈≈§§§≈.........
#..≈≈≈....<.....
#..............(
###.............
#######'######
#........#


You could see an ogre and a bullfrog skeleton.

Vanquished Creatures
  A centaur skeleton (D:4)
  3 orc wizards
  Terence (D:2)
  Robin (D:2)
  A worker ant zombie (D:4)
  3 gnolls (D:3)
  An adder (D:2)
  A howler monkey skeleton (D:4)
  A worm (D:2)
  2 dart slugs (D:2)
  A leopard gecko (D:2)
  5 orcs
  2 giant cockroaches
  11 goblins
  6 hobgoblins
  2 quokkas (D:2)
  A ball python (D:3)
  3 bats
  7 frilled lizards
  3 kobolds (D:2)
56 creatures vanquished.

Vanquished Creatures (others)
  A withered plant (D:4)
1 creature vanquished.

Grand Total: 57 creatures vanquished

Notes
Turn   | Place    | Note
-------+----------+-------------------------------------------
     0 | D:1      | uberrath the Minotaur Fighter began the quest for the Orb.
     0 | D:1      | Reached XP level 1. HP: 19/19 MP: 0/0
    58 | D:1      | You fall into a shaft and drop 1 floor!
   178 | D:2      | Reached skill level 3 in Long Blades
   450 | D:2      | Found an ancient bone altar of Kikubaaqudgha.
   466 | D:2      | Reached XP level 2. HP: 25/26 MP: 1/1
   498 | D:2      | Found a radiant altar of Vehumet.
   499 | D:2      | Found a sparkling altar of Nemelex Xobeh.
   503 | D:2      | Identified Vehumet's Compendium of Confrontation
   507 | D:2      | Found a shimmering blue altar of Sif Muna.
   614 | D:2      | Noticed Robin
   639 | D:2      | Reached skill level 4 in Long Blades
   650 | D:2      | Killed Robin
   651 | D:2      | Reached XP level 3. HP: 10/31 MP: 2/2
  1067 | D:2      | Found an ornate altar of the Wu Jian Council.
  1067 | D:2      | Noticed Terence
  1097 | D:2      | Killed Terence
  1098 | D:2      | Reached skill level 5 in Long Blades
  1098 | D:2      | Reached XP level 4. HP: 39/39 MP: 3/3
  1445 | D:3      | Reached skill level 6 in Long Blades
  1608 | D:3      | Reached XP level 5. HP: 31/45 MP: 4/4
  1877 | D:3      | Noticed an ogre
  2978 | D:4      | Reached skill level 7 in Long Blades
  3246 | D:4      | Noticed an ogre
  3305 | D:4      | HP: 2/45 [bullfrog skeleton (2)]
  3306 | D:4      | Mangled by an ogre

Illustrated notes

Levels and vault maps discovered:
D:1:      nagdon_arrival_zigzag_paths, layout_loops_ring
D:2:      layout_loops_ring, grunt_temple_overflow_magic_moments,
          nemelex_xobeh_ov_fountains_minmay, nzn_wu_jian_council_hall,
          uniq_terence, uniq_robin
D:3:      layout_basic, lightli_corner_chamber
D:4:      minmay_razor_zed, layout_gridville, serial_undead, serial_undead_d,
          serial_undead_c, serial_undead_e, serial_undead_f, uniq_eustachio

Skill      XL: |  1  2  3  4  5 |
---------------+----------------+-----
Long Blades    | 3 4 5 6 7 |  7.5
Fighting       | |  3.6
Armour         | |  3.6
Shields        | |  3.6

Action                   |  1- 3 |  4- 6 || total
-------------------------+-------+-------++-------
Melee: Long sword        |    73 |    44 ||   117
       Headbutt          |    12 |    17 ||    29
       Falchion          |       |    49 ||    49
  Use: Potion            |       |     4 ||     4
       Scroll            |       |     3 ||     3
Armor: Scale mail        |    17 |    21 ||    38
       Plate armour      |       |    43 ||    43
Dodge: Dodged            |    21 |    16 ||    37
Block: Kite shield       |    41 |    41 ||    82
       Rpst.: Long sword |     7 |     2 ||     9
       Falchion          |       |     2 ||     2
